 Dungeon Sprint DCSS version 0.18-a0-124-g4fdfa27 (webtiles) character file.

105869 Kidiri the Imperceptible (level 15, -1/72 HPs)
             Began as a Spriggan Enchanter on Nov 20, 2015.
             Was the Champion of Dithmenos.
             Slain by Mennas
             ... wielding a +2 eudemon blade of holy wrath
              (27 damage)
             ... in the Dungeon (Sprint III: "The Ten Rune Challenge").
             The game lasted 01:03:30 (9059 turns).

Kidiri the Imperceptible (Spriggan Enchanter)       Turns: 9059, Time: 01:03:31

Health: -1/72      AC: 15    Str:  9    XL:     15   Next: 59%
Magic:  36/39      EV: 40    Int: 21    God:    Dithmenos [******]
Gold:   1360       SH:  0    Dex: 22    Spells: 14 memorised, 8 levels left

rFire  + . .     SeeInvis +     y - +2 rapier (holy)
rCold  . . .     Clarity  +     m - +2 robe {rF+}
rNeg   + . .     SustAt   .     (shield restricted)
rPois  .         Gourm    .     k - +2 hat {MR+}
rElec  .         Spirit   .     l - +2 cloak
rCorr  .         Warding  .     (gloves unavailable)
rMut   .         NoTele   +     (boots unavailable)
MR     +++++                    N - amulet of the Four Winds {Clar rN+ MR+++}
Stlth  ++++++++++               n - +3 ring of dexterity
                                E - +3 ring of protection

@: mighty, exhausted, slowed, silenced, quick, almost entirely resistant to
hostile enchantments, uncannily stealthy
A: unfitting armour, slimy green scales 1, see invisible, blink, herbivore 3,
speed 3, frail 1, slow metabolism 2, spit poison 1, MP-powered wands
a: Spit Poison, Blink, Renounce Religion
}: 1/10 runes: barnacled


You were in the Dungeon.
You worshipped Dithmenos.
Dithmenos was exalted by your worship.
You were not hungry.

You visited 1 branch You collected 3390 gold pieces.
You spent 2030 gold pieces at shops.

Inventory:

Hand Weapons
 y - a +2 rapier of holy wrath (weapon)
Missiles
 j - 3 throwing nets (quivered)
Armour
 k - a +2 hat of magic resistance (worn)
 l - a +2 cloak (worn)
 m - a +2 robe of fire resistance (worn)
 t - a +2 robe of poison resistance
 z - a +0 robe of cold resistance
Jewellery
 n - a +3 ring of dexterity (right hand)
 B - an uncursed ring of magical power
 E - a +3 ring of protection (left hand)
 N - the amulet of the Four Winds (around neck) {Clar rN+ MR+++}
   (You found it in the Dungeon)

   [amulet of clarity]

   It provides mental clarity.
   It protects you from negative energy.
   It affects your resistance to hostile enchantments.
 O - an uncursed ring of sustain attributes
Wands
 c - a wand of teleportation (3)
 x - a wand of digging (9)
 F - a wand of hasting (3)
Scrolls
 h - a scroll of identify
 o - a scroll of recharging
 p - a scroll of remove curse
 s - a scroll of holy word
 u - 4 scrolls of amnesia
 C - a scroll of silence
Potions
 d - 2 potions of magic
 e - 6 potions of curing
 f - a potion of lignification
 g - a potion of haste
 i - a potion of berserk rage
 q - 3 potions of cure mutation
 r - 3 potions of flight
 w - a potion of brilliance
Books
 H - a book of Enchantments

   Spells                             Type                      Level
   a - Cause Fear                     Hexes                        4
   b - Silence                        Hexes/Air                    5
   c - Deflect Missiles               Charms/Air                   6
   d - Haste                          Charms                       6
   e - Discord                        Hexes                        8
Comestibles
 b - 7 fruits
 v - 28 royal jellies
 A - a bread ration


   Skills:
 + Level 10.7 Fighting
 * Level 18.1 Short Blades
 + Level 9.9 Armour
 * Level 22.8 Dodging
 * Level 24.5 Stealth
 * Level 19.7 Spellcasting
 + Level 9.8 Conjurations
 + Level 14.9 Hexes
 + Level 13.6 Charms
 + Level 11.2 Necromancy
 + Level 12.3 Translocations
 + Level 10.8 Ice Magic
 - Level 2.4 Invocations


You had 8 spell levels left.
You knew the following spells:

 Your Spells              Type           Power        Failure   Level  Hunger
a - Corona                Hex            ######.      0%          1    None
b - Ensorcelled Hibernat  Hex/Ice        ######       1%          2    None
c - Confuse               Hex            ######..     0%          3    None
d - Tukima's Dance        Hex            ######..     0%          3    None
e - Dazzling Spray        Conj/Hex       ######..     1%          3    None
f - Corpse Rot            Necr           N/A          1%          2    None
g - Bolt of Draining      Conj/Necr      ######....   1%          5    None
h - Agony                 Necr           ######..     1%          5    None
i - Dispel Undead         Necr           ######..     1%          5    None
j - Excruciating Wounds   Chrm/Necr      ######....   1%          5    None
k - Apportation           Tloc           ######....   0%          1    None
l - Shroud of Golubria    Chrm/Tloc      ######....   1%          2    None
m - Passage of Golubria   Tloc           N/A          1%          4    None
n - Cause Fear            Hex            ######....   1%          4    None


Dungeon Overview and Level Annotations

Branches:
Dungeon (1/1)

Altars:
Cheibriados
Dithmenos
Elyvilon
Fedhas
Gozag
Kikubaaqudgha
Makhleb
Nemelex Xobeh
Okawaru
Qazlal
Ru
Sif Muna
Trog
Vehumet
Xom
Yredelemnul
Zin
The Shining One
Jiyva
Lugonu

Shops:
D %=[:!(=![[!}:[!=(:!(}?%?

Annotations:
D exclusion: 2 statues, Mennas, Roxanne


Innate Abilities, Weirdness & Mutations

You are tiny and cannot use many weapons and most armour.
You have supernaturally acute eyesight.
You are a herbivore.
You cover ground extremely quickly.
You need consume almost no food.
You are partially covered in slimy green scales (AC +2).
You can translocate small distances at will.
You are frail (-10% HP).
You can spit weak poison.
You expend magic power (3 MP) to strengthen your wands.


Message History

Unknown command.
There is an open door here.
There is an open door here.
Mennas hits you but does no damage. Mennas completely misses you.
Mennas hits you with an eudemon blade of holy wrath!
* * * LOW HITPOINT WARNING * * *
Mennas completely misses you.
Mennas is caught in a moment of prayer.
There is an open door here.
Mennas becomes audible again.
Mennas gestures at you.
Mennas gestures frantically.
Mennas's surroundings become eerily quiet.
There is an open door here.
Okay, then.
Unknown command.
Drink which item? (? for menu, Esc to quit)
You feel much better.
Mennas hits you with an eudemon blade of holy wrath!!
You die...

#__[#__##...###∩.}+:#...##....'..
#..)#._#..)......##:#...##≈≈≈≈##.
#+###'##[[......#.#:#...≈≈≈÷.....
.......#[[[[....###.#...##≈≈≈≈##.
...)...#)#...#### #:+...##....+..
######'#[##### ###############
#__#...#+########################
#__#...#..§≈§§.#.A...'.#.#.#.+...
#__#...#.#≈§§#.#@#...##.#.#.##...
#__#...'.#§§§#.#.#...#.#.#.#.#...
#_.+...#.#§§§#...#)..##.#.#.##...
▓▓▓▓▓▓▓▓▓▓▓▓▓▓▓▓▓▓▓▓▓#.#.#.#.#...
♣♣♣♣≈≈≈........≈≈≈...##.#.#.##...
+♣♣+♣≈≈≈≈≈≈≈≈≈≈≈≈♣♣P.+.#.#.#.#...
#.≈♣♣♣♣♣♣♣♣♣♣♣♣♣♣♣♣PP##.#.#.#####
#..♣♣ ♣♣♣##§########
###+♣♣♣♣♣♣♣♣♣♣♣♣♣♣♣ #.§§§.§§≈≈#


You could see Mennas.

Vanquished Creatures
  Frederick (D)
  5 bone dragons (D)
  Rupert (D)
  A deep elf master archer (D)
  A lich (D)
  Polyphemus (D)
  Gastronok (D)
  2 sphinxes (D)
  Harold (D)
  Chuck (D)
  2 shadow dragons (D)
  Ilsuiw (D)
  Maud (D)
  3 deep elf demonologists (D)
  A deep elf annihilator (D)
  2 dire elephants (D)
  A fire dragon (D)
  A merfolk javelineer (D)
  2 deep elf high priests (D)
  4 mummy priests (D)
  A yaktaur captain (D)
  3 centaur warriors (D)
  2 hydras (D)
  Erica (D)
  An ogre mage (D)
  3 orc high priests (D)
  4 dancing weapons (D)
  A shock serpent (shapeshifter) (D)
  A titan zombie (D)
  4 death yaks (D)
  A shadow wraith (D)
  4 skeletal warriors (D)
  A deep elf knight (D)
  A deep troll (shapeshifter) (D)
  3 death drakes (D)
  A spriggan druid (D)
  A sea snake (D)
  An unseen horror (D)
  A death drake (shapeshifter) (D)
  A deep elf summoner (D)
  A spectral iron dragon (D)
  An obsidian statue (D)
  An orange crystal statue (D)
  Joseph (D)
  3 hornets (D)
  2 deep elf conjurers (D)
  An anubis guard (shapeshifter) (D)
  3 ugly things (D)
  A lindwurm (D)
  4 crystal guardians (D)
  An orc knight (D)
  2 oklob plants (D)
  2 elephants (D)
  An iron troll simulacrum (D)
  4 statues (D)
  An eye of devastation (shapeshifter) (D)
  2 black mambas (D)
  2 spiny frogs (D)
  A yaktaur (shapeshifter) (D)
  A fire drake (D)
  A komodo dragon (D)
  A queen bee (D)
  2 deep elf priests (D)
  3 wandering mushrooms (D)
  8 guardian mummies (D)
  4 spriggan defenders (D)
  8 blink frogs (D)
  A snapping turtle (shapeshifter) (D)
  4 slime creatures (D)
  A slime creature (shapeshifter) (D)
  A shadow (D)
  2 spriggans (D)
  3 redbacks (D)
  A spatial vortex (D)
  3 orc warriors (D)
  A swamp drake (D)
  A necrophage (D)
  2 centaurs (D)
  An earth elemental (D)
  2 brain worms (D)
  A water elemental (D)
  32 killer bees (D)
  An electric eel (D)
  An orc wizard (D)
  3 orc priests (D)
  Crazy Yiuf (D)
  A jelly (D)
  A wizard (D)
  A necromancer (D)
  3 sheep (D)
  A kobold demonologist (D)
  3 humans (D)
  2 oozes (D)
  2 adder zombies (D)
  An adder simulacrum (D)
  9 orcs (D)
  A bat zombie (D)
  A ball python simulacrum (D)
  A giant cockroach zombie (D)
  A quokka simulacrum (D)
  2 rats (D)
223 creatures vanquished.

Vanquished Creatures (collateral kills)
  A vampire knight (D)
  An orc warrior (D)
  An orc (D)
3 creatures vanquished.

Vanquished Creatures (others)
  2 draconian scorchers (D)
  Nessos (D)
  3 yaktaurs (D)
  A bush (D)
  2 plants (D)
9 creatures vanquished.

Grand Total: 235 creatures vanquished

Notes
Turn   | Place    | Note
--------------------------------------------------------------
     0 | D        | Kidiri the Spriggan Enchanter began the quest for the Orb.
     0 | D        | Reached XP level 1. HP: 9/9 MP: 5/5
    12 | D        | Reached skill level 5 in Stealth
    14 | D        | Reached skill level 1 in Fighting
    14 | D        | Reached XP level 2. HP: 12/14 MP: 5/7
    18 | D        | Learned a level 2 spell: Ensorcelled Hibernation
   118 | D        | Noticed Crazy Yiuf
   121 | D        | Killed Crazy Yiuf
   121 | D        | Reached skill level 1 in Armour
   121 | D        | Reached skill level 6 in Stealth
   121 | D        | Reached XP level 3. HP: 18/18 MP: 7/9
   139 | D        | Killed a yaktaur
   157 | D        | Killed a white draconian scorcher
   222 | D        | Reached skill level 5 in Dodging
   222 | D        | Reached skill level 1 in Ice Magic
   225 | D        | Killed a white draconian scorcher
   261 | D        | Learned a level 3 spell: Confuse
   265 | D        | Learned a level 3 spell: Dazzling Spray
   267 | D        | Gained mutation: You expend magic power (3 MP) to strengthen your wands. [potion of mutation]
   267 | D        | Gained mutation: You possess an exceptional clarity of mind. [potion of mutation]
   268 | D        | Lost mutation: You possess an exceptional clarity of mind. [potion of mutation]
   268 | D        | Gained mutation: You are partially covered in slimy green scales (AC +2). [potion of mutation]
   269 | D        | Gained mutation: You can translocate small distances at will. [potion of mutation]
   269 | D        | Gained mutation: You are frail (-10% HP). [potion of mutation]
   269 | D        | Gained mutation: You can spit weak poison. [potion of mutation]
   277 | D        | Noticed a water elemental
   279 | D        | Killed a water elemental
   279 | D        | Reached skill level 7 in Stealth
   279 | D        | Reached skill level 5 in Spellcasting
   279 | D        | Reached XP level 4. HP: 20/20 MP: 12/12
   292 | D        | Learned a level 3 spell: Tukima's Dance
   293 | D        | Noticed a shadow
   295 | D        | Killed a shadow
   295 | D        | Reached skill level 5 in Short Blades
   295 | D        | Reached skill level 9 in Stealth
   295 | D        | Reached skill level 1 in Conjurations
   295 | D        | Reached skill level 5 in Hexes
   295 | D        | Reached XP level 5. HP: 25/25 MP: 13/15
   295 | D        | Reached XP level 6. HP: 28/28 MP: 13/16
   331 | D        | Found a stormy altar of Qazlal.
   332 | D        | Noticed a spatial vortex
   332 | D        | Killed a spatial vortex
   332 | D        | Reached skill level 10 in Stealth
   333 | D        | Found a sacrificial altar of Ru.
   333 | D        | Found a burning altar of Makhleb.
   333 | D        | Found a viscous altar of Jiyva.
   333 | D        | Found a shimmering altar of Xom.
   333 | D        | Found a shadowy altar of Dithmenos.
   333 | D        | Found a sparkling altar of Nemelex Xobeh.
   333 | D        | Found a corrupted altar of Lugonu.
   333 | D        | Found an opulent altar of Gozag.
   337 | D        | Became a worshipper of Dithmenos the Shadowed
   362 | D        | Found a radiant altar of Vehumet.
   366 | D        | Found a deep blue altar of Sif Muna.
   366 | D        | Found an ancient bone altar of Kikubaaqudgha.
   367 | D        | Noticed an orange demon
   368 | D        | Reached * piety under Dithmenos
   387 | D        | Learned a level 2 spell: Corpse Rot
   393 | D        | Learned a level 5 spell: Bolt of Draining
   443 | D        | Found a glowing silver altar of Zin.
   444 | D        | Found a glowing golden altar of the Shining One.
   444 | D        | Found a white marble altar of Elyvilon.
   444 | D        | Noticed a deep elf priest
   446 | D        | Killed a deep elf priest
   446 | D        | Reached skill level 1 in Necromancy
   446 | D        | Reached skill level 1 in Invocations
   446 | D        | Reached XP level 7. HP: 32/32 MP: 17/19
   463 | D        | Found an iron altar of Okawaru.
   464 | D        | Found a bloodstained altar of Trog.
   464 | D        | Noticed a human
   464 | D        | Noticed a human
   470 | D        | Killed a human
   470 | D        | Reached skill level 11 in Stealth
   480 | D        | Killed a human
   480 | D        | Reached ** piety under Dithmenos
   480 | D        | Reached skill level 10 in Dodging
   541 | D        | Found a snail-covered altar of Cheibriados.
   545 | D        | Reached XP level 8. HP: 37/37 MP: 8/21
   551 | D        | Found a basalt altar of Yredelemnul.
   551 | D        | Found a blossoming altar of Fedhas.
   791 | D        | Learned a level 5 spell: Agony
   802 | D        | Noticed Erica
   804 | D        | Killed Erica
   804 | D        | Reached skill level 12 in Stealth
   834 | D        | Noticed a centaur warrior
   839 | D        | Killed a centaur warrior
   839 | D        | Reached *** piety under Dithmenos
   839 | D        | Reached skill level 13 in Stealth
   839 | D        | Reached skill level 10 in Spellcasting
   839 | D        | Reached XP level 9. HP: 41/41 MP: 10/24
   927 | D        | Noticed an unseen horror
   929 | D        | Killed an unseen horror
   941 | D        | Reached skill level 5 in Ice Magic
   942 | D        | Reached skill level 5 in Fighting
   946 | D        | Reached **** piety under Dithmenos
   946 | D        | Reached skill level 14 in Stealth
   949 | D        | Reached ***** piety under Dithmenos
  1159 | D        | Learned a level 5 spell: Dispel Undead
  1190 | D        | Reached XP level 10. HP: 33/45 MP: 3/26
  1224 | D        | Reached skill level 10 in Short Blades
  1416 | D        | Reached ****** piety under Dithmenos
  1700 | D        | Reached skill level 5 in Armour
  1709 | D        | Reached skill level 15 in Stealth
  1709 | D        | Reached skill level 5 in Necromancy
  1824 | D        | Reached skill level 5 in Conjurations
  1855 | D        | Noticed a lindwurm
  1858 | D        | Killed a lindwurm
  1868 | D        | Noticed Maud
  1870 | D        | Killed Maud
  1870 | D        | Reached skill level 16 in Stealth
  1870 | D        | Reached XP level 11. HP: 50/50 MP: 28/28
  1875 | D        | Noticed a seven-headed hydra
  1875 | D        | Noticed a five-headed hydra
  1878 | D        | Killed a seven-headed hydra
  1879 | D        | Killed a five-headed hydra
  1917 | D        | Noticed a death drake
  1922 | D        | Killed a death drake
  1922 | D        | Reached skill level 15 in Dodging
  1939 | D        | Found a blossoming altar of Fedhas.
  1939 | D        | Noticed a spriggan druid
  1941 | D        | Killed a spriggan druid
  1963 | D        | Learned a level 5 spell: Excruciating Wounds
  1968 | D        | Noticed Polyphemus
  1969 | D        | Noticed Ilsuiw
  1974 | D        | Killed Polyphemus
  1974 | D        | Reached skill level 17 in Stealth
  1974 | D        | Reached skill level 10 in Hexes
  2012 | D        | Killed Ilsuiw
  2193 | D        | Found Girupuib's Antique Weapon Emporium.
  2193 | D        | Noticed a sea snake
  2195 | D        | Killed a sea snake
  2222 | D        | Found Maev's Jewellery Shop.
  2222 | D        | Killed Nessos
  2223 | D        | Found Vaeca's Distillery.
  2224 | D        | Noticed a merfolk javelineer
  2226 | D        | Killed a merfolk javelineer
  2226 | D        | Reached XP level 12. HP: 56/56 MP: 25/30
  2244 | D        | Got a barnacled rune of Zot
  2337 | D        | Reached skill level 18 in Stealth
  2450 | D        | Noticed Rupert
  2454 | D        | Killed Rupert
  2454 | D        | Reached skill level 5 in Charms
  2462 | D        | Noticed an azure jelly
  2462 | D        | Noticed an azure jelly
  2488 | D        | Noticed an azure jelly
  2488 | D        | Noticed an azure jelly
  2578 | D        | Reached skill level 19 in Stealth
  2583 | D        | Found Unulag's Food Shoppe.
  2584 | D        | Reached skill level 15 in Spellcasting
  2605 | D        | Found Vuuduh's Jewellery Boutique.
  2606 | D        | Found Miggaus's Antique Armour Emporium.
  2647 | D        | Noticed a dire elephant
  2647 | D        | Noticed a dire elephant
  2647 | D        | Noticed Gastronok
  2649 | D        | Killed Gastronok
  2650 | D        | Killed a dire elephant
  2652 | D        | Killed a dire elephant
  2655 | D        | Reached XP level 13. HP: 61/61 MP: 33/33
  2778 | D        | Found Ninwylal's Book Shop.
  2878 | D        | Bought a book of Spatial Translocations for 650 gold pieces
  2880 | D        | Learned a level 1 spell: Apportation
  2883 | D        | Learned a level 2 spell: Shroud of Golubria
  2888 | D        | Learned a level 4 spell: Passage of Golubria
  2985 | D        | Reached skill level 1 in Translocations
  3008 | D        | Reached skill level 20 in Stealth
  3086 | D        | Noticed a deep elf annihilator
  3092 | D        | Noticed a deep elf demonologist
  3093 | D        | Killed a deep elf annihilator
  3231 | D        | Noticed a deep elf demonologist
  3257 | D        | Noticed a deep elf master archer
  3260 | D        | Killed a deep elf demonologist
  3524 | D        | Killed a deep elf demonologist
  3525 | D        | Noticed a deep elf demonologist
  3542 | D        | Noticed an Ice Fiend
  4304 | D        | Killed a deep elf demonologist
  4310 | D        | Got a steaming leather armour
  4701 | D        | Killed a deep elf master archer
  4894 | D        | Identified Khufu's Collected Works on Darkness
  4896 | D        | Identified Lehudib's Incunabulum of Conjuration
  5028 | D        | Noticed Harold
  5028 | D        | Noticed Joseph
  5030 | D        | Killed Joseph
  5030 | D        | Reached skill level 15 in Short Blades
  5032 | D        | Killed Harold
  5032 | D        | Reached skill level 5 in Translocations
  5054 | D        | Learned a level 4 spell: Cause Fear
  5136 | D        | Found Cimop's Book Emporium.
  5136 | D        | Found Bushred's Weapon Shop.
  5136 | D        | Found Mowkuuli's Magic Scroll Shoppe.
  5136 | D        | Found Vizosot's Antique Weapon Boutique.
  5136 | D        | Found Yryiwotz's Distillery.
  5136 | D        | Found Kayntari's Food Shop.
  5136 | D        | Found Kafiohog's Magic Scroll Emporium.
  5136 | D        | Found Qiezirub's Gadget Boutique.
  5137 | D        | Found Weakhypn's Jewellery Boutique.
  5137 | D        | Found Feboatu's Distillery.
  5137 | D        | Found Deaso's Antique Armour Shop.
  5137 | D        | Found Zyesiymu's Book Emporium.
  5152 | D        | Bought 2 potions of heal wounds for 130 gold pieces
  5152 | D        | Bought a potion of magic for 104 gold pieces
  5152 | D        | Bought a potion of heal wounds for 65 gold pieces
  5152 | D        | Bought 3 potions of magic for 312 gold pieces
  5152 | D        | Bought a potion of heal wounds for 65 gold pieces
  5158 | D        | Bought a scroll of remove curse for 39 gold pieces
  5176 | D        | Bought a scroll of identify for 22 gold pieces
  5176 | D        | Bought a scroll of identify for 22 gold pieces
  5176 | D        | Bought a scroll of identify for 22 gold pieces
  5198 | D        | Bought a scroll of identify for 26 gold pieces
  5198 | D        | Bought a scroll of identify for 26 gold pieces
  5198 | D        | Bought 2 scrolls of identify for 52 gold pieces
  5198 | D        | Bought a scroll of enchant weapon for 97 gold pieces
  5198 | D        | Bought a scroll of enchant armour for 97 gold pieces
  5198 | D        | Bought a scroll of enchant armour for 97 gold pieces
  5200 | D        | Bought a potion of heal wounds for 60 gold pieces
  5200 | D        | Bought a potion of curing for 36 gold pieces
  5200 | D        | Bought 2 potions of curing for 72 gold pieces
  5200 | D        | Bought a potion of curing for 36 gold pieces
  5353 | D        | Reached skill level 21 in Stealth
  5550 | D        | Reached XP level 14. HP: 67/67 MP: 35/35
  5589 | D        | Reached skill level 10 in Charms
  5976 | D        | Noticed Chuck
  5985 | D        | Killed Chuck
  6002 | D        | Got a crude leather armour
  6103 | D        | Noticed Frederick
  6110 | D        | Killed Frederick
  6110 | D        | Reached skill level 22 in Stealth
  6131 | D        | Noticed a lich
  6134 | D        | Killed a lich
  6146 | D        | Noticed a shadow dragon
  6149 | D        | Noticed a shadow dragon
  6157 | D        | Reached skill level 10 in Necromancy
  6255 | D        | Killed a shadow dragon
  6267 | D        | Killed a shadow dragon
  6644 | D        | Noticed a bone dragon
  6646 | D        | Killed a bone dragon
  6646 | D        | Reached skill level 10 in Ice Magic
  6669 | D        | Noticed a bone dragon
  6671 | D        | Killed a bone dragon
  6671 | D        | Reached skill level 10 in Translocations
  6708 | D        | Reached skill level 23 in Stealth
  6726 | D        | Noticed a bone dragon
  6728 | D        | Killed a bone dragon
  6728 | D        | Reached skill level 10 in Fighting
  6759 | D        | Reached XP level 15. HP: 62/72 MP: 14/38
  6982 | D        | Noticed a bone dragon
  6984 | D        | Killed a bone dragon
  7096 | D        | Noticed a bone dragon
  7098 | D        | Killed a bone dragon
  7108 | D        | Noticed a sphinx
  7108 | D        | Noticed a sphinx
  7111 | D        | Killed a sphinx
  7112 | D        | Killed a sphinx
  7527 | D        | Reached skill level 24 in Stealth
  8415 | D        | Found Gumumpur's Armour Emporium.
  8415 | D        | Found Elonakhi's Distillery.
  8415 | D        | Found Oderph's Armour Shop.
  8415 | D        | Found Ejiqyace's Gadget Shoppe.
  8431 | D        | Noticed Roxanne
  8441 | D        | Found Ceodoq's Distillery.
  8472 | D        | Paralysed by a hornet for 4 turns
  8887 | D        | Noticed Mennas
  9059 | D        | Slain by Mennas

Vault maps used:
D:        dungeon_sprint_mu

Action                   |  1- 3 |  4- 6 |  7- 9 | 10-12 | 13-15 || total
-------------------------+-------+-------+-------+-------+-------++-------
Melee: Dagger            |    13 |     5 |    48 |   121 |    19 ||   206
       Rapier            |       |       |       |       |   122 ||   122
 Cast: Ensorcelled Hiber |     3 |     2 |    11 |    27 |     9 ||    52
       Dazzling Spray    |       |     3 |    13 |    19 |   124 ||   159
       Corpse Rot        |       |       |     4 |       |     2 ||     6
       Bolt of Draining  |       |       |     3 |     7 |    22 ||    32
       Agony             |       |       |     1 |       |       ||     1
       Corona            |       |       |       |     1 |       ||     1
       Apportation       |       |       |       |       |    35 ||    35
       Tukima's Dance    |       |       |       |       |     4 ||     4
       Passage of Golubr |       |       |       |       |     2 ||     2
       Shroud of Golubri |       |       |       |       |     3 ||     3
       Excruciating Woun |       |       |       |       |     1 ||     1
       Dispel Undead     |       |       |       |       |    14 ||    14
       Confuse           |       |       |       |       |     1 ||     1
Invok: Shadow Step       |       |       |       |    12 |    14 ||    26
 Abil: Spit Poison       |       |       |       |       |     1 ||     1
  Use: Potion            |     3 |       |       |     3 |    14 ||    20
       Scroll            |     2 |       |       |       |    13 ||    15
 Stab: Sleeping          |     5 |     4 |     8 |    57 |    68 ||   142
       Invisible         |       |     1 |     4 |     2 |     8 ||    15
  Eat: Bread ration      |       |       |       |     1 |     1 ||     2
